 Dungeon Crawl Stone Soup version 0.31.0-1-g2c135a0 (webtiles) character file.

Game seed: 14298434708393255405

9 jagoly the Trooper (level 2, -1/19 HPs)
             Began as a Gargoyle Monk on Feb 2, 2024.
             Slain by Natasha (6 damage)
             ... on level 2 of the Dungeon.
             The game lasted 00:01:21 (240 turns).

jagoly the Trooper (Gargoyle Monk)                   Turns: 240, Time: 00:01:22

Health: -1/19      AC:  4    Str: 14    XL:     2   Next: 12%
Magic:  2/2        EV: 12    Int: 10    God:
Gold:   31         SH:  0    Dex: 12    Spells: 1/1 levels left

rFire   + . .        a - +0 hand axe
rCold   . . .        d - orb {light}
rNeg    + . .        b - +0 robe
rPois   ∞            (no helmet)
rElec   +            (no cloak)
rCorr   .            (no gloves)
SInv    .            (no boots)
Will    .....        (no amulet)
Stlth   +            f - ring of protection from fire
HPRegen 0.23/turn    (no ring)
MPRegen 0.08/turn

%: no passive effects
@: glowing
A: sickness immunity, AC +2, negative energy resistance 1, electricity
resistance, torment resistance 1, petrification resistance
a: no special abilities


You were on level 2 of the Dungeon.
You visited 1 branch of the dungeon, and saw 2 of its levels.

You collected 31 gold pieces.

Inventory:

Hand Weapons
 a - a +0 hand axe (weapon)
Missiles
 e - 3 stones (quivered)
Armour
 b - a +0 robe (worn)
 d - an orb of light (worn)
Jewellery
 f - a ring of protection from fire (left hand)
Scrolls
 g - a scroll of teleportation {unknown}
 h - a scroll of fog {unknown}
Potions
 c - a potion of ambrosia


   Skills:
 + Level 3.4 Fighting
 * Level 2.9 Axes
 + Level 0.5 Armour
 + Level 2.5 Dodging


You had one spell level left.
You didn't know any spells.
Your spell library contained the following spells:

 Spells                   Type           Power      Damage    Failure   Level
 Inner Flame              Hex/Fire       0%         N/A       75%         3
 Animate Armour           Summ/Erth      0%         N/A       98%         4
 Borgnjor's Vile Clutch   Necr/Erth      0%         N/A       100%        5
 Plasma Beam              Fire/Air       0%         2x1d10    100%        6


Dungeon Overview and Level Annotations

Branches:
Dungeon (2/15) Zot: 11758

Altars:

Annotations:
D:2 Natasha


Innate Abilities, Weirdness & Mutations

You are immune to sickness and miasma.
Your stone body is resilient. (AC +2)
You are immune to poison.
You resist negative energy. (rN+)
You are resistant to electric shocks. (rElec)
You are resistant to unholy torment.
You are immune to petrification.


Message History

Welcome, jagoly the Gargoyle Monk.
Everyone else who sought the Orb of Zot has failed.
Will you be different?
Press ? for a list of commands and other information.
Found a staircase leading out of the dungeon.
You open the door.
There is an open door here.
You open the door.
Found a mace and a robe.
Found a beast talisman.
There is an open door here.
There is an open door here.
You open the door.
Found 15 gold pieces.
There is an open door here.
You now have 15 gold pieces.
There is an open door here.
As you open the door, it creaks loudly!
Found a stone staircase leading down.
There is an open door here.
There is a stone staircase leading down here.
You climb downwards.
Found 3 stones.
Found a stone staircase leading up.
There is a stone staircase leading up here.
Found an opal ring.
The ball python barely misses you. x2
You see here 3 stones.
e - 3 stones The ball python bites you but does no damage.
The ball python grabs you. The ball python constricts you.
You hit the ball python.
You kill the ball python!
No target in view!
f - a ring of protection from fire
f - a ring of protection from fire (left hand)
There is a stone staircase leading up here.
You climb upwards.
There is a stone staircase leading down here.
An endoplasm comes into view.
Found Alahusti's Octavo of Flamy Grit.
The endoplasm quivers.
An endoplasm is nearby!
The endoplasm closely misses you.
You hit the endoplasm.
You kill the endoplasm!
No target in view!
No target in view!
Found a scroll labelled QIATUE SICY.
You pick up Alahusti's Octavo of Flamy Grit and begin reading...
It was Alahusti's Octavo of Flamy Grit.
You add the spells Inner Flame, Animate Armour, Borgnjor's Vile Clutch and Plasma Beam to your library.
g - a scroll labelled QIATUE SICY
Found a scroll labelled ONALUL QAUL.
h - a scroll labelled ONALUL QAUL A goblin comes into view.
It is wielding a +0 club.
The goblin shouts!
A goblin is nearby!
The goblin hits you but does no damage.
You hit the goblin.
You kill the goblin!
No target in view!
No target in view!
Things that are here:
a +0 club; a goblin corpse An endoplasm comes into view.
The endoplasm quivers.
The endoplasm barely misses you.
You hit the endoplasm but do no damage. The endoplasm hits you.
You hit the endoplasm.
The endoplasm is lightly wounded.
The endoplasm hits you but does no damage.
You hit the endoplasm but do no damage.
The endoplasm is lightly wounded.
The endoplasm misses you.
You hit the endoplasm.
You kill the endoplasm!
No target in view!
No target in view!
A kobold comes into view. It is wielding a +0 whip.
The kobold shouts!
You hear a shout!
A goblin comes into view. It is wielding a +0 dagger.
The goblin shouts!
You hit the goblin.
The goblin is heavily wounded.
The goblin barely misses you.
You hit the goblin.
You kill the goblin!
You hit the kobold but do no damage. The kobold closely misses you.
You barely miss the kobold. The kobold hits you with a +0 whip.
You slash the kobold!
You kill the kobold!
You have reached level 2!
You see here a +0 dagger.
HP restored.
Found 12 gold pieces.
You now have 27 gold pieces (gained 12).
Found 4 gold pieces.
You now have 31 gold pieces (gained 4).
A frilled lizard comes into view.
The frilled lizard hisses angrily.
You hit the frilled lizard.
You kill the frilled lizard!
No target in view!
No target in view!
A giant cockroach comes into view.
A giant cockroach is nearby!
You barely miss the giant cockroach. The giant cockroach bites you.
You hit the giant cockroach.
You kill the giant cockroach!
No target in view!
You see here a giant cockroach corpse.
HP restored.
Found a stone staircase leading down.
There is a stone staircase leading down here.
You climb downwards.
Natasha hisses angrily.
There is a stone staircase leading up here.
Natasha casts a spell at you. The magic dart hits you.
Natasha barely misses you.
You hit Natasha.
Natasha is moderately wounded.
Natasha closely misses you.
You hit Natasha.
Natasha is heavily wounded.
Natasha claws you!
* * * LOW HITPOINT WARNING * * *
Natasha mumbles some strange words.
You feel disoriented. Natasha claws you.
You die...
Natasha curls up and begins to purr.

##+## ##<..##
##.....##
#...@...#
#....h....#
............+
#.#.........#
...##.......##
## ##.....##
.....##
####+##


You could see Natasha.

Vanquished Creatures
  2 endoplasms (D:1)
  A giant cockroach (D:1)
  A kobold (D:1)
  A ball python (D:2)
  A frilled lizard (D:1)
  2 goblins (D:1)
8 creatures vanquished.

Notes
Turn   | Place    | Note
-------+----------+-------------------------------------------
     0 | D:1      | jagoly the Gargoyle Monk began the quest for the Orb.
     0 | D:1      | Reached XP level 1. HP: 14/14 MP: 1/1
    81 | D:1      | Got Alahusti's Octavo of Flamy Grit
   140 | D:1      | Reached XP level 2. HP: 17/19 MP: 2/2
   236 | D:2      | Noticed Natasha
   240 | D:2      | Slain by Natasha

Illustrated notes

Levels and vault maps discovered:
D:1:      dpeg_arrival_three_bigger_balls, layout_loops_ring
D:2:      layout_loops_corners, uniq_natasha

Action                     || total
---------------------------++-------
  Melee: Hand axe          ||    16
 Armour: Robe              ||     9
  Dodge: Dodged            ||     9
